 Dungeon Crawl Stone Soup version 0.19.0-23-gf02e663 (webtiles) character file.

191 RKaid the Chopper (level 5, 0/45 HPs)
             Began as a Minotaur Fighter on Nov 19, 2016.
             Slain by an ogre
             ... wielding a +0 giant club
              (9 damage)
             ... on level 4 of the Dungeon.
             The game lasted 00:02:33 (2460 turns).

RKaid the Chopper (Minotaur Fighter)                Turns: 2460, Time: 00:02:34

Health: 0/45       AC:  8    Str: 20    XL:     5   Next: 41%
Magic:  4/4        EV:  7    Int:  5    God:
Gold:   168        SH:  9    Dex: 11    Spells: 0 memorised, 4 levels left

rFire  . . .     SeeInvis .     a - +0 war axe
rCold  . . .     Gourm    .     b - +0 scale mail
rNeg   . . .     Faith    .     c - +0 shield
rPois  .         Spirit   .     (helmet restricted)
rElec  .         Reflect  .     k - +0 cloak
rCorr  .         Harm     .     (no gloves)
MR     .....                    (no boots)
Stlth  ..........               (no amulet)
                                (no ring)
                                (no ring)

@: no status effects
A: retaliatory headbutt, horns 2
a: no special abilities


You were on level 4 of the Dungeon.
You were not hungry.

You visited 1 branch of the dungeon, and saw 4 of its levels.

You collected 168 gold pieces.

Inventory:

Hand Weapons
 a - a +0 war axe (weapon)
Armour
 b - a +0 scale mail (worn)
 c - a +0 shield (worn)
 k - a +0 cloak (worn)
   (You found it on level 1 of the Dungeon)
Jewellery
 q - an uncursed amulet of magic regeneration {unknown}
   (You found it on level 3 of the Dungeon)
 r - an uncursed ring of wizardry {unknown}
   (You found it on level 3 of the Dungeon)
Scrolls
 g - 2 scrolls of noise {unknown}
 h - 2 scrolls of fog {unknown}
 l - 4 scrolls of identify {unknown}
 m - a scroll of blinking {unknown}
 n - a scroll of random uselessness {unknown}
 o - a scroll of remove curse {unknown}
 p - a scroll of enchant weapon {unknown}
Potions
 d - 2 potions of might
 e - a potion of curing
 i - a potion of heal wounds {unknown}
 u - 3 potions of degeneration {unknown}
Comestibles
 f - 3 bread rations
 j - 2 meat rations
 s - 6 fruits
 t - a beef jerky
 v - a chunk of flesh


   Skills:
 - Level 3.6 Fighting
 + Level 6.9 Axes
 - Level 3.6 Armour
 - Level 3.6 Shields


You had 4 spell levels left.
You didn't know any spells.

Dungeon Overview and Level Annotations

Branches:
Dungeon (4/15)
 Temple: D:4-7

Altars:
Elyvilon
Ru
Sif Muna
Zin
The Shining One


Innate Abilities, Weirdness & Mutations

You reflexively headbutt those who attack you in melee.
You have a pair of horns on your head.


Message History

You open the door.
There is an open door here.
A giant cockroach comes into view.
A giant cockroach is nearby!
A giant cockroach is nearby!
A giant cockroach is nearby!
A giant cockroach is nearby!
You block the giant cockroach's attack.
You closely miss the giant cockroach.
The giant cockroach bites you but does no damage. x2
You slash the giant cockroach!
You kill the giant cockroach!
No target in view!
No target in view!
You butcher the giant cockroach corpse.
v - a chunk of flesh You now have 168 gold pieces (gained 3).
You open the door.
A worm comes into view.
There is an open door here.
A worm is nearby!
A worm is nearby!
A worm is nearby!
The worm bites you.
You slash the worm! The worm bites you but does no damage.
You slash the worm! You slash the worm!
You kill the worm!
No target in view!
h - 2 scrolls labeled JANYS KEGATHRUTS (gained 1)
A centaur skeleton comes into view.
A centaur skeleton is nearby!
A centaur skeleton is nearby!
A centaur skeleton is nearby!
You block the centaur skeleton's attack.
You hit the centaur skeleton.
You block the centaur skeleton's attack.
The centaur skeleton hits you but does no damage.
You completely miss the centaur skeleton.
You headbutt the centaur skeleton, but do no damage.
The centaur skeleton closely misses you.
You slash the centaur skeleton!
The centaur skeleton closely misses you.
You block the centaur skeleton's attack.
You hit the centaur skeleton. You headbutt the centaur skeleton.
You block the centaur skeleton's attack.
The centaur skeleton hits you.
You hit the centaur skeleton. You headbutt the centaur skeleton.
The centaur skeleton barely misses you. The centaur skeleton hits you.
You slash the centaur skeleton!
You destroy the centaur skeleton!
No target in view!
No target in view! 2 orcs and an orc wizard come into view.
The orc shouts!
The orc throws a tomahawk.
You block the tomahawk.
An orc and an ogre come into view.
You see here a tomahawk.
There are monsters nearby!
There are monsters nearby!
There are monsters nearby!
There are monsters nearby!
The ogre shouts!
The orc shouts!
The orc wizard gestures at you while chanting.
You are confused.
The orc throws a tomahawk.
The tomahawk hits you but does no damage.
A leopard gecko skeleton comes into view.
You see here a tomahawk.
You are too confused!
You are too confused!
You are too confused!
You are too confused!
You are too confused!
You're too confused to move!
You are too confused!
You are too confused!
You are too confused!
You are too confused!
The orc barely misses you.
You barely miss the orc. You miss the orc wizard. You hit the orc.
The orc wizard barely misses you. The orc hits you but does no damage.
The orc closely misses you.
You barely miss the orc wizard. You closely miss the orc. You hit the ogre.
You miss the orc. The ogre hits you with a giant club!!
The orc wizard hits you but does no damage.
The orc hits you but does no damage. The orc barely misses you.
You barely miss the orc wizard. You hit the orc. You barely miss the ogre.
You hit the orc. The orc closely misses you.
The orc wizard hits you but does no damage.
The ogre hits you with a giant club. The orc barely misses you.
The orc hits you but does no damage. The orc wizard hits you with a dagger.
You feel less confused.
You slash the ogre! You hit the orc. The ogre hits you with a giant club!
* * * LOW HITPOINT WARNING * * *
You block the orc's attack.
You are too injured to fight recklessly!
You feel better. The orc completely misses you.
The ogre hits you with a giant club!
You die...

####### ##########
#.....# #.........
#.....# #.........
########.....###.........
...............'.........
..............##.........
.......#......###########
.......#@.....##
......ooO......#
.......o(....#.#
.........(...#.#
.......#.....###
.......#.......#
##.....###.....# #.....
#.....# #..... #.....#


You could see an ogre, an orc wizard and 2 orcs.

Vanquished Creatures
  A centaur skeleton (D:4)
  7 adders
  2 oozes
  7 worms
  2 dart slugs
  3 leopard geckos (D:3)
  3 orcs (D:3)
  7 bats
  3 giant cockroaches
  4 goblins
  6 hobgoblins
  8 kobolds
  2 ball pythons (D:1)
  2 frilled lizards
  10 rats
67 creatures vanquished.

Notes
Turn   | Place    | Note
-------+----------+-------------------------------------------
     0 | D:1      | RKaid the Minotaur Fighter began the quest for the Orb.
     0 | D:1      | Reached XP level 1. HP: 19/19 MP: 0/0
    36 | D:1      | Reached skill level 3 in Axes
   136 | D:1      | Reached XP level 2. HP: 20/26 MP: 1/1
   384 | D:1      | Reached skill level 4 in Axes
   752 | D:2      | Reached XP level 3. HP: 31/31 MP: 2/2
   774 | D:2      | HP: 7/31 [poisoned by an adder]
  1171 | D:2      | Found a deep blue altar of Sif Muna.
  1220 | D:2      | Reached skill level 5 in Axes
  1717 | D:3      | Reached XP level 4. HP: 39/39 MP: 3/3
  1738 | D:3      | Found a sacrificial altar of Ru.
  1837 | D:3      | Reached skill level 6 in Axes
  1935 | D:3      | Found a glowing golden altar of the Shining One.
  1955 | D:3      | Found a white marble altar of Elyvilon.
  1955 | D:3      | Found a glowing silver altar of Zin.
  2125 | D:3      | Reached XP level 5. HP: 45/45 MP: 4/4
  2451 | D:4      | Noticed an ogre
  2459 | D:4      | HP: 2/45 [ogre/giant club (12)]
  2460 | D:4      | Slain by an ogre

Skill      XL: |  1  2  3  4 |
---------------+-------------+-----
Axes           | 3 4 5 6 |  6.9
Fighting       | |  3.6
Armour         | |  3.6
Shields        | |  3.6

Action                   |  1- 3 |  4- 6 || total
-------------------------+-------+-------++-------
Melee: War axe           |    89 |    68 ||   157
       Headbutt          |    14 |    11 ||    25
  Use: Potion            |     1 |     1 ||     2
  Eat: Chunk             |     3 |     2 ||     5
Armor: Scale mail        |    33 |    27 ||    60
Dodge: Dodged            |    20 |    33 ||    53
Block: Shield            |    45 |    32 ||    77

Vault maps used:
D:1:      dpeg_arrival_leaves_temple_mockup, serial_forest,
          infiniplex_forest_lined_room_2, infiniplex_forest_clump_curved,
          infiniplex_forest_corner_1, infiniplex_forest_lined_room_,
          infiniplex_forest_straight_1, minmay_shallow_snake_nest
D:2:      led_sif_pool, first_bread, minmay_misc_feat_tiny, st_stairs_6
D:3:      hangedman_ru_absence, grunt_temple_overflow_open,
          overflow_temple_1_default, bh_walls_and_bars
D:4:      uniq_crazy_yiuf_cottage

Table legend:
 A = Turns spent in this place as a percentage of turns spent in the entire game.
 B = Non-inter-level travel turns spent in this place as a percentage of non-inter-level travel turns spent in the entire game.
 C = Inter-level travel turns spent in this place as a percentage of turns spent in this place.
 D = Turns resting spent in this place as a percentage of non-inter-level travel turns spent in this place.
 E = Turns spent auto-exploring this place as a percentage of non-inter-level travel turns spent in this place.
 F = Non-inter-level travel turns spent in this place divided by the number of levels of this place that you've seen.
                   A       B       C       D       E      F
               +-------+-------+-------+-------+-------+----------------------
         Total | 100.0 | 100.0 |   0.3 |   1.4 |  13.7 | 173.0
       Dungeon | 100.0 | 100.0 |   0.3 |   1.4 |  13.7 | 173.0
               +-------+-------+-------+-------+-------+----------------------

Table legend:
 A = Kills in this place as a percentage of kills in entire the game.
 B = Kills by you in this place as a percentage of kills by you in the entire game.
 C = Kills by friends in this place as a percentage of kills by friends in the entire game.
 D = Other kills in this place as a percentage of other kills in the entire game.
 E = Experience gained in this place as a percentage of experience gained in the entire game.
 F = Experience gained in this place divided by the number of levels of this place that you have seen.
                   A       B       C       D       E      F
               +-------+-------+-------+-------+-------+----------------------
         Total | 100.0 | 100.0 |  -nan |  -nan | 100.0 |  68.2
       Dungeon | 100.0 | 100.0 |  -nan |  -nan | 100.0 |  68.2
               +-------+-------+-------+-------+-------+----------------------
